[ AOE2 MATCH · #480556497 ]
UnrankedSpanish vs Georgians
[ REPLAY ANALYSIS · EXTRACTED FROM THE RECORDED GAME ]
Feudal
14:16
Castle
19:01
Imperial
—
| APM avg | 31.5 |
| APM peak | 66 |
| eAPM avg | 18.2 |
| Villagers / military | 79 / 11 |
Focus
⚔️ 23.7% · 🌾 76.3%
Conquistador ×11 · Trade Cart ×1
Feudal
13:20
Castle
17:03
Imperial
—
| APM avg | 32.2 |
| APM peak | 59 |
| eAPM avg | 17.0 |
| Villagers / military | 59 / 19 |
Focus
⚔️ 27.4% · 🌾 72.6%
War Wagon ×19
Feudal
14:30
Castle
18:15
Imperial
—
| APM avg | 39.7 |
| APM peak | 108 |
| eAPM avg | 11.5 |
| Villagers / military | 50 / 17 |
Focus
⚔️ 34.2% · 🌾 65.8%
Cavalry Archer ×17
Feudal
13:53
Castle
—
Imperial
—
| APM avg | 24.5 |
| APM peak | 58 |
| eAPM avg | 16.8 |
| Villagers / military | 53 / 22 |
Focus
⚔️ 18.5% · 🌾 81.5%
Scout Cavalry ×16 · Militia ×6
Feudal
14:05
Castle
17:55
Imperial
—
| APM avg | 16.0 |
| APM peak | 31 |
| eAPM avg | 9.2 |
| Villagers / military | 56 / 2 |
Focus
⚔️ 12.8% · 🌾 87.2%
Mangudai ×2
Feudal
12:34
Castle
—
Imperial
—
| APM avg | 37.2 |
| APM peak | 67 |
| eAPM avg | 12.5 |
| Villagers / military | 48 / 27 |
Focus
⚔️ 39.4% · 🌾 60.6%
Scout Cavalry ×27
Feudal
13:16
Castle
—
Imperial
—
| APM avg | 49.7 |
| APM peak | 71 |
| eAPM avg | 26.6 |
| Villagers / military | 69 / 18 |
Focus
⚔️ 43.5% · 🌾 56.5%
Spearman ×12 · Militia ×6
Feudal
12:41
Castle
17:23
Imperial
—
| APM avg | 33.1 |
| APM peak | 63 |
| eAPM avg | 14.7 |
| Villagers / military | 57 / 28 |
Focus
⚔️ 27.7% · 🌾 72.3%
Huskarl ×15 · Spearman ×9 · Battering Ram ×4
Match map
Initial resources + every placement click. Lines = walls · curves = elevation contours. ◆ gold · ⬟ stone · ● berries · ✦ relic · ◌ wall gap
Your base· Open — unwalled flank
SinManos's base· Open — 10t gap
Snorkiss89's base· Open — 4t gap
MDT's base· Open — unwalled flank
AiM | PoRRo's base· Open — unwalled flank
adrianoo's base· Open — unwalled flank
NPG | SICOSIS's base· Open — unwalled flank
安拉的使者's base· Open — unwalled flank
Smoothed initial terrain · ◌ = detected wall gap · hover for details
Inputs per minute
— BP | Pkita - - SinManos
Build order — BP | Pkita
First 150 of 170 actions detected
| 0:35 | Build | Town Center |
| 0:58 | Build | House |
| 2:56 | Research | Loom |
| 2:56 | Create | Villager (Male) |
| 2:57 | Create | Villager (Male) |
| 3:07 | Create | Villager (Male) |
| 3:51 | Create | Villager (Male) |
| 4:33 | Create | Villager (Male) |
| 4:33 | Create | Villager (Male) |
| 4:43 | Build | House |
| 4:46 | Create | Villager (Male) |
| 4:46 | Create | Villager (Male) |
| 5:11 | Create | Villager (Male) |
| 5:12 | Create | Villager (Male) |
| 5:46 | Create | Villager (Male) |
| 5:46 | Create | Villager (Male) |
| 6:02 | Build | Lumber Camp |
| 6:07 | Create | Villager (Male) |
| 6:07 | Create | Villager (Male) |
| 6:37 | Create | Villager (Male) |
| 6:38 | Create | Villager (Male) |
| 7:07 | Create | Villager (Male) |
| 7:07 | Create | Villager (Male) |
| 7:08 | Create | Villager (Male) |
| 7:13 | Build | House |
| 7:14 | Build | House |
| 7:34 | Create | Villager (Male) |
| 7:34 | Create | Villager (Male) |
| 7:34 | Create | Villager (Male) |
| 7:58 | Create | Villager (Male) |
| 7:58 | Create | Villager (Male) |
| 7:58 | Create | Villager (Male) |
| 8:35 | Create | Villager (Male) |
| 8:35 | Create | Villager (Male) |
| 9:16 | Create | Villager (Male) |
| 9:16 | Create | Villager (Male) |
| 10:04 | Build | Mill |
| 10:06 | Create | Villager (Male) |
| 10:07 | Create | Villager (Male) |
| 10:15 | Build | Mill |
| 11:11 | Build | House |
| 11:11 | Build | Palisade Wall |
| 11:27 | Research | Feudal Age |
| 13:05 | Create | Villager (Male) |
| 13:06 | Create | Villager (Male) |
| 13:09 | Build | Barracks |
| 13:13 | Build | House |
| 13:16 | Build | House |
| 13:17 | Build | Palisade Wall |
| 13:18 | Build | Palisade Gate |
| 14:16 | Age | Feudal Age |
| 14:43 | Build | Market |
| 14:44 | Build | Palisade Wall |
| 14:53 | Create | Villager (Male) |
| 15:15 | Create | Villager (Male) |
| 15:20 | Build | Blacksmith |
| 15:35 | Create | Villager (Male) |
| 15:48 | Research | Double-Bit Axe |
| 15:54 | Build | House |
| 16:01 | Research | Castle Age |
| 16:47 | Build | Palisade Gate |
| 16:48 | Build | Stable |
| 16:55 | Create | Villager (Male) |
| 16:55 | Create | Villager (Male) |
| 17:06 | Build | Gate |
| 17:09 | Build | House |
| 17:54 | Create | Trade Cart |
| 18:00 | Research | Bloodlines |
| 18:25 | Build | House |
| 18:26 | Build | Stone Wall |
| 18:39 | Build | House |
| 19:01 | Age | Castle Age |
| 19:17 | Build | Town Center |
| 19:48 | Create | Villager (Male) |
| 19:51 | Research | Husbandry |
| 20:02 | Create | Villager (Male) |
| 20:20 | Create | Villager (Male) |
| 20:21 | Create | Villager (Male) |
| 20:43 | Build | Town Center |
| 20:52 | Create | Villager (Male) |
| 20:53 | Create | Villager (Male) |
| 20:53 | Create | Villager (Male) |
| 21:21 | Create | Villager (Male) |
| 21:33 | Create | Villager (Male) |
| 21:34 | Create | Villager (Male) |
| 21:34 | Create | Villager (Male) |
| 21:42 | Build | Castle |
| 21:51 | Create | Villager (Male) |
| 21:51 | Create | Villager (Male) |
| 22:07 | Build | House |
| 22:09 | Build | House |
| 22:12 | Build | Stone Wall |
| 22:17 | Create | Villager (Male) |
| 22:18 | Create | Villager (Male) |
| 22:18 | Create | Villager (Male) |
| 22:29 | Build | Farm |
| 22:29 | Build | Farm |
| 22:29 | Build | Farm |
| 22:29 | Build | Farm |
| 22:30 | Build | Farm |
| 22:37 | Create | Conquistador |
| 22:50 | Create | Villager (Male) |
| 22:50 | Create | Villager (Male) |
| 22:59 | Build | Lumber Camp |
| 23:06 | Create | Villager (Male) |
| 23:06 | Create | Villager (Male) |
| 23:27 | Build | Gate |
| 23:29 | Create | Villager (Male) |
| 23:29 | Create | Villager (Male) |
| 23:30 | Create | Villager (Male) |
| 23:36 | Create | Villager (Male) |
| 23:40 | Build | Lumber Camp |
| 23:43 | Create | Villager (Male) |
| 23:43 | Create | Villager (Male) |
| 23:45 | Build | House |
| 23:47 | Build | House |
| 23:48 | Build | House |
| 23:49 | Build | House |
| 23:52 | Build | Palisade Wall |
| 23:57 | Create | Conquistador |
| 24:00 | Create | Villager (Male) |
| 24:00 | Create | Villager (Male) |
| 24:06 | Create | Villager (Male) |
| 24:16 | Create | Conquistador |
| 24:28 | Build | Stone Wall |
| 24:46 | Build | Gate |
| 24:48 | Build | Stone Wall |
| 24:54 | Create | Villager (Male) |
| 24:54 | Create | Villager (Male) |
| 25:04 | Create | Conquistador |
| 25:04 | Create | Conquistador |
| 25:04 | Create | Conquistador |
| 25:11 | Build | Stone Wall |
| 25:21 | Build | House |
| 25:23 | Build | Stone Wall |
| 25:27 | Create | Villager (Male) |
| 25:46 | Create | Conquistador |
| 25:57 | Create | Villager (Male) |
| 25:57 | Create | Villager (Male) |
| 26:02 | Build | Farm |
| 26:03 | Build | House |
| 26:07 | Build | Mill |
| 26:08 | Build | Farm |
| 26:08 | Build | Farm |
| 26:08 | Build | Farm |
| 26:09 | Build | Farm |
| 26:09 | Build | Farm |
| 26:09 | Build | Farm |
| 26:16 | Build | Lumber Camp |
| 26:30 | Build | Town Center |
Build order — SinManos
140 actions detected in the replay
| 0:06 | Build | Town Center |
| 2:21 | Build | House |
| 2:23 | Create | Villager (Male) |
| 2:24 | Create | Villager (Male) |
| 2:24 | Create | Villager (Male) |
| 2:24 | Create | Villager (Male) |
| 3:35 | Build | House |
| 3:46 | Build | House |
| 3:51 | Create | Villager (Male) |
| 3:51 | Create | Villager (Male) |
| 4:17 | Create | Villager (Male) |
| 4:17 | Create | Villager (Male) |
| 4:38 | Research | Loom |
| 4:59 | Build | Lumber Camp |
| 5:05 | Create | Villager (Male) |
| 5:05 | Create | Villager (Male) |
| 5:17 | Build | House |
| 5:31 | Build | House |
| 5:43 | Create | Villager (Male) |
| 5:54 | Build | House |
| 6:05 | Create | Villager (Male) |
| 6:28 | Create | Villager (Male) |
| 6:47 | Create | Villager (Male) |
| 7:13 | Create | Villager (Male) |
| 7:21 | Build | House |
| 7:34 | Create | Villager (Male) |
| 7:46 | Create | Villager (Male) |
| 8:29 | Create | Villager (Male) |
| 8:51 | Create | Villager (Male) |
| 9:01 | Build | Mill |
| 9:07 | Build | House |
| 9:29 | Create | Villager (Male) |
| 9:30 | Create | Villager (Male) |
| 10:07 | Create | Villager (Male) |
| 10:23 | Build | Mining Camp |
| 10:41 | Create | Villager (Male) |
| 10:55 | Research | Feudal Age |
| 11:19 | Build | Palisade Wall |
| 11:20 | Build | Palisade Wall |
| 11:22 | Build | Palisade Wall |
| 11:22 | Build | Palisade Wall |
| 11:23 | Build | Palisade Wall |
| 11:25 | Build | Palisade Wall |
| 11:26 | Build | Palisade Wall |
| 11:31 | Build | Palisade Wall |
| 11:33 | Build | Palisade Wall |
| 11:34 | Build | Palisade Wall |
| 11:36 | Build | Palisade Wall |
| 11:36 | Build | Palisade Wall |
| 11:37 | Build | Palisade Wall |
| 11:48 | Build | House |
| 12:27 | Create | Villager (Male) |
| 12:27 | Create | Villager (Male) |
| 13:07 | Build | Palisade Wall |
| 13:20 | Age | Feudal Age |
| 13:32 | Build | Market |
| 13:34 | Build | Blacksmith |
| 14:23 | Research | Castle Age |
| 14:23 | Research | Castle Age |
| 15:31 | Research | Double-Bit Axe |
| 15:31 | Research | Double-Bit Axe |
| 15:40 | Research | Horse Collar |
| 15:40 | Research | Horse Collar |
| 16:57 | Create | Villager (Male) |
| 17:03 | Age | Castle Age |
| 17:08 | Build | Castle |
| 17:10 | Build | Mining Camp |
| 17:14 | Create | Villager (Male) |
| 17:55 | Build | Town Center |
| 17:58 | Create | Villager (Male) |
| 18:16 | Create | Villager (Male) |
| 18:34 | Create | War Wagon |
| 18:46 | Create | Villager (Male) |
| 18:55 | Create | Villager (Male) |
| 19:16 | Create | War Wagon |
| 19:16 | Create | War Wagon |
| 19:24 | Create | Villager (Male) |
| 19:25 | Create | Villager (Male) |
| 19:27 | Build | House |
| 19:34 | Create | Villager (Male) |
| 19:44 | Create | Villager (Male) |
| 19:53 | Research | Fletching |
| 20:00 | Create | War Wagon |
| 20:16 | Create | Villager (Male) |
| 20:25 | Create | Villager (Male) |
| 20:42 | Create | War Wagon |
| 21:04 | Create | Villager (Male) |
| 21:10 | Create | War Wagon |
| 21:24 | Create | War Wagon |
| 21:34 | Create | War Wagon |
| 21:36 | Create | Villager (Male) |
| 21:56 | Create | War Wagon |
| 22:18 | Build | Town Center |
| 22:38 | Create | Villager (Male) |
| 22:46 | Create | War Wagon |
| 22:46 | Create | War Wagon |
| 22:48 | Create | Villager (Male) |
| 22:52 | Research | Bodkin Arrow |
| 22:54 | Create | War Wagon |
| 23:04 | Create | Villager (Male) |
| 23:14 | Create | Villager (Male) |
| 23:18 | Build | Farm |
| 23:20 | Create | Villager (Male) |
| 23:31 | Create | War Wagon |
| 23:43 | Create | Villager (Male) |
| 23:58 | Create | War Wagon |
| 24:18 | Create | Villager (Male) |
| 24:29 | Create | Villager (Male) |
| 24:38 | Create | Villager (Male) |
| 24:46 | Build | Farm |
| 24:46 | Build | Farm |
| 24:47 | Build | Farm |
| 24:56 | Create | War Wagon |
| 24:59 | Create | Villager (Male) |
| 25:06 | Build | Town Center |
| 25:16 | Build | Farm |
| 25:19 | Create | Villager (Male) |
| 25:22 | Build | House |
| 25:25 | Build | House |
| 25:39 | Build | Farm |
| 25:42 | Build | Farm |
| 25:44 | Build | Farm |
| 25:44 | Build | Farm |
| 25:44 | Build | Farm |
| 25:45 | Create | Villager (Male) |
| 25:51 | Create | Villager (Male) |
| 25:51 | Create | Villager (Male) |
| 25:56 | Build | Barracks |
| 26:05 | Create | Villager (Male) |
| 26:22 | Create | War Wagon |
| 26:50 | Create | War Wagon |
| 26:56 | Create | Villager (Male) |
| 27:13 | Create | Villager (Male) |
| 27:16 | Research | Wheelbarrow |
| 27:16 | Research | Town Watch |
| 27:25 | Create | Villager (Male) |
| 27:28 | Create | War Wagon |
| 27:46 | Create | Villager (Male) |
| 27:49 | Create | War Wagon |
| 27:57 | Create | Villager (Male) |
Build order — Snorkiss89
145 actions detected in the replay
| 0:34 | Build | Town Center |
| 2:19 | Build | House |
| 2:40 | Create | Villager (Male) |
| 2:41 | Create | Villager (Male) |
| 2:41 | Create | Villager (Male) |
| 2:41 | Create | Villager (Male) |
| 3:31 | Build | Mill |
| 3:44 | Create | Villager (Male) |
| 4:34 | Build | Palisade Wall |
| 4:37 | Build | Palisade Wall |
| 4:42 | Build | Palisade Wall |
| 4:46 | Build | Palisade Wall |
| 4:51 | Build | Palisade Wall |
| 4:56 | Build | Palisade Wall |
| 4:59 | Create | Villager (Male) |
| 4:59 | Create | Villager (Male) |
| 5:31 | Create | Villager (Male) |
| 5:54 | Research | Loom |
| 5:56 | Build | House |
| 6:00 | Create | Villager (Male) |
| 6:01 | Create | Villager (Male) |
| 6:31 | Create | Villager (Male) |
| 6:31 | Create | Villager (Male) |
| 6:53 | Create | Villager (Male) |
| 7:18 | Create | Villager (Male) |
| 7:30 | Build | House |
| 7:44 | Create | Villager (Male) |
| 7:53 | Build | Palisade Wall |
| 7:53 | Build | Palisade Wall |
| 7:59 | Build | Palisade Wall |
| 8:03 | Build | Palisade Wall |
| 8:04 | Build | Palisade Wall |
| 8:13 | Create | Villager (Male) |
| 8:13 | Create | Villager (Male) |
| 8:14 | Create | Villager (Male) |
| 8:24 | Build | Palisade Wall |
| 8:47 | Create | Villager (Male) |
| 8:48 | Create | Villager (Male) |
| 8:48 | Create | Villager (Male) |
| 8:55 | Build | House |
| 9:43 | Build | House |
| 10:25 | Build | Barracks |
| 11:19 | Build | House |
| 11:34 | Build | Mule Cart |
| 11:36 | Create | Villager (Male) |
| 12:20 | Research | Feudal Age |
| 13:16 | Build | Palisade Gate |
| 13:18 | Build | Palisade Wall |
| 14:30 | Age | Feudal Age |
| 14:32 | Build | Archery Range |
| 14:35 | Create | Villager (Male) |
| 14:36 | Create | Villager (Male) |
| 14:41 | Build | Blacksmith |
| 14:45 | Build | Palisade Wall |
| 14:58 | Research | Double-Bit Axe |
| 15:35 | Research | Castle Age |
| 15:59 | Build | Stable |
| 16:06 | Research | Fletching |
| 16:42 | Create | Villager (Male) |
| 16:52 | Build | House |
| 16:55 | Research | Bloodlines |
| 17:12 | Build | Archery Range |
| 17:41 | Research | Horse Collar |
| 18:15 | Age | Castle Age |
| 18:23 | Create | Cavalry Archer |
| 18:23 | Create | Cavalry Archer |
| 18:33 | Research | Bow Saw |
| 18:37 | Build | Farm |
| 18:39 | Build | Farm |
| 18:42 | Build | Farm |
| 18:44 | Build | Farm |
| 18:47 | Create | Villager (Male) |
| 19:00 | Build | Farm |
| 19:04 | Build | Farm |
| 19:22 | Create | Villager (Male) |
| 19:25 | Create | Cavalry Archer |
| 19:25 | Create | Cavalry Archer |
| 19:30 | Build | Farm |
| 19:34 | Build | Farm |
| 19:47 | Create | Cavalry Archer |
| 19:58 | Create | Villager (Male) |
| 20:06 | Create | Cavalry Archer |
| 20:40 | Create | Villager (Male) |
| 20:42 | Create | Cavalry Archer |
| 20:43 | Create | Villager (Male) |
| 20:50 | Build | House |
| 20:54 | Build | Town Center |
| 21:00 | Build | House |
| 21:32 | Create | Villager (Male) |
| 21:32 | Create | Villager (Male) |
| 21:44 | Create | Villager (Male) |
| 21:45 | Create | Cavalry Archer |
| 21:45 | Create | Cavalry Archer |
| 22:01 | Build | Farm |
| 22:06 | Build | Monastery |
| 22:22 | Build | Monastery |
| 22:27 | Build | Farm |
| 22:30 | Create | Villager (Male) |
| 22:39 | Create | Cavalry Archer |
| 22:39 | Create | Cavalry Archer |
| 23:09 | Create | Villager (Male) |
| 23:09 | Create | Villager (Male) |
| 23:15 | Create | Villager (Male) |
| 23:30 | Create | Villager (Male) |
| 23:32 | Create | Cavalry Archer |
| 23:33 | Create | Cavalry Archer |
| 23:41 | Research | Padded Archer Armor |
| 23:46 | Build | Farm |
| 23:47 | Build | Farm |
| 23:49 | Build | Farm |
| 23:51 | Build | Farm |
| 23:53 | Create | Villager (Male) |
| 24:23 | Create | Cavalry Archer |
| 24:23 | Create | Cavalry Archer |
| 24:25 | Create | Villager (Male) |
| 24:34 | Build | House |
| 24:35 | Build | House |
| 24:40 | Build | House |
| 24:41 | Build | House |
| 24:42 | Build | House |
| 24:57 | Research | Bodkin Arrow |
| 24:57 | Research | Bodkin Arrow |
| 25:05 | Build | Monastery |
| 25:10 | Create | Villager (Male) |
| 25:19 | Create | Villager (Male) |
| 25:23 | Build | Farm |
| 25:24 | Build | Farm |
| 25:28 | Build | Farm |
| 25:28 | Build | Farm |
| 25:29 | Build | Farm |
| 25:40 | Build | Farm |
| 25:41 | Build | Farm |
| 25:42 | Create | Villager (Male) |
| 25:42 | Create | Villager (Male) |
| 25:45 | Create | Cavalry Archer |
| 25:46 | Create | Cavalry Archer |
| 26:07 | Create | Villager (Male) |
| 26:07 | Create | Villager (Male) |
| 26:52 | Build | Town Center |
| 26:57 | Create | Villager (Male) |
| 26:58 | Create | Villager (Male) |
| 27:29 | Create | Villager (Male) |
| 27:29 | Create | Villager (Male) |
| 27:31 | Research | Husbandry |
| 27:43 | Research | Wheelbarrow |
Build order — MDT
139 actions detected in the replay
| 0:10 | Build | Town Center |
| 1:02 | Build | House |
| 1:03 | Build | House |
| 2:33 | Create | Villager (Male) |
| 2:33 | Create | Villager (Male) |
| 2:33 | Create | Villager (Male) |
| 2:34 | Create | Villager (Male) |
| 2:45 | Create | Villager (Male) |
| 2:45 | Create | Villager (Male) |
| 2:45 | Create | Villager (Male) |
| 4:48 | Create | Villager (Male) |
| 4:48 | Create | Villager (Male) |
| 4:49 | Create | Villager (Male) |
| 5:06 | Create | Villager (Male) |
| 5:06 | Create | Villager (Male) |
| 5:06 | Create | Villager (Male) |
| 5:06 | Create | Villager (Male) |
| 5:11 | Build | Lumber Camp |
| 5:12 | Create | Villager (Male) |
| 5:12 | Create | Villager (Male) |
| 5:13 | Create | Villager (Male) |
| 6:03 | Build | House |
| 6:04 | Build | House |
| 6:52 | Create | Villager (Male) |
| 6:52 | Create | Villager (Male) |
| 7:15 | Create | Villager (Male) |
| 7:38 | Create | Villager (Male) |
| 8:22 | Build | Mill |
| 8:25 | Create | Villager (Male) |
| 8:37 | Create | Villager (Male) |
| 9:04 | Create | Villager (Male) |
| 9:26 | Build | House |
| 9:27 | Build | House |
| 9:58 | Create | Villager (Male) |
| 10:04 | Create | Villager (Male) |
| 10:12 | Create | Villager (Male) |
| 10:16 | Build | Mining Camp |
| 10:34 | Research | Loom |
| 10:34 | Research | Feudal Age |
| 12:16 | Build | Barracks |
| 13:25 | Create | Militia |
| 13:26 | Create | Militia |
| 13:28 | Create | Militia |
| 13:53 | Age | Feudal Age |
| 13:56 | Build | Stable |
| 14:01 | Create | Villager (Male) |
| 14:01 | Create | Villager (Male) |
| 14:02 | Create | Villager (Male) |
| 14:06 | Create | Villager (Male) |
| 14:16 | Research | Man-at-Arms (upgrade) |
| 14:17 | Research | Arson |
| 14:40 | Build | Lumber Camp |
| 15:05 | Create | Scout Cavalry |
| 15:05 | Create | Scout Cavalry |
| 15:05 | Create | Scout Cavalry |
| 15:05 | Create | Scout Cavalry |
| 15:07 | Create | Villager (Male) |
| 15:12 | Research | Double-Bit Axe |
| 15:16 | Build | Blacksmith |
| 15:58 | Create | Villager (Male) |
| 16:18 | Build | House |
| 16:18 | Build | House |
| 16:21 | Build | House |
| 16:22 | Build | House |
| 16:34 | Research | Wheelbarrow |
| 16:46 | Create | Villager (Male) |
| 16:53 | Create | Villager (Male) |
| 16:55 | Create | Scout Cavalry |
| 16:55 | Create | Scout Cavalry |
| 17:07 | Create | Villager (Male) |
| 17:58 | Create | Militia |
| 17:59 | Create | Militia |
| 17:59 | Create | Militia |
| 18:01 | Create | Scout Cavalry |
| 18:23 | Build | Farm |
| 18:25 | Build | Farm |
| 18:26 | Build | Farm |
| 18:27 | Build | Farm |
| 18:28 | Build | Farm |
| 18:30 | Build | Farm |
| 18:33 | Build | Farm |
| 18:34 | Build | Farm |
| 18:38 | Build | Farm |
| 18:39 | Create | Villager (Male) |
| 19:22 | Create | Villager (Male) |
| 19:35 | Build | Farm |
| 19:36 | Build | Farm |
| 19:37 | Build | Farm |
| 19:39 | Build | Farm |
| 19:41 | Build | Farm |
| 19:43 | Create | Villager (Male) |
| 19:59 | Create | Villager (Male) |
| 20:07 | Build | Mill |
| 20:10 | Build | Farm |
| 20:53 | Create | Villager (Male) |
| 20:53 | Create | Villager (Male) |
| 21:00 | Build | Market |
| 21:17 | Create | Scout Cavalry |
| 21:17 | Create | Scout Cavalry |
| 21:18 | Create | Scout Cavalry |
| 21:59 | Build | Stone Wall |
| 22:05 | Build | Stone Wall |
| 22:07 | Create | Villager (Male) |
| 22:07 | Create | Villager (Male) |
| 22:15 | Build | Watch Tower |
| 22:24 | Build | Stone Wall |
| 22:26 | Create | Villager (Male) |
| 22:55 | Build | House |
| 23:22 | Research | Fletching |
| 23:38 | Create | Scout Cavalry |
| 23:38 | Create | Scout Cavalry |
| 23:39 | Create | Scout Cavalry |
| 23:39 | Create | Scout Cavalry |
| 23:39 | Create | Scout Cavalry |
| 23:39 | Create | Scout Cavalry |
| 24:13 | Build | Gate |
| 24:28 | Build | Mill |
| 24:34 | Create | Villager (Male) |
| 24:35 | Create | Villager (Male) |
| 24:51 | Build | Farm |
| 25:03 | Research | Horse Collar |
| 25:08 | Create | Villager (Male) |
| 25:08 | Create | Villager (Male) |
| 25:22 | Build | House |
| 25:25 | Build | Stone Wall |
| 25:35 | Build | Farm |
| 25:36 | Build | Farm |
| 25:37 | Build | Farm |
| 25:40 | Create | Villager (Male) |
| 25:50 | Research | Bloodlines |
| 25:58 | Build | House |
| 25:59 | Build | House |
| 26:00 | Build | House |
| 26:03 | Create | Villager (Male) |
| 26:31 | Create | Villager (Male) |
| 26:31 | Create | Villager (Male) |
| 26:47 | Build | Stone Wall |
| 27:10 | Build | Stone Wall |
| 27:44 | Build | Gate |
Build order — AiM | PoRRo
93 actions detected in the replay
| 1:06 | Build | Town Center |
| 1:19 | Build | Town Center |
| 1:30 | Build | House |
| 1:44 | Build | Palisade Wall |
| 3:35 | Create | Villager (Male) |
| 3:35 | Create | Villager (Male) |
| 3:38 | Create | Villager (Male) |
| 3:38 | Create | Villager (Male) |
| 3:38 | Create | Villager (Male) |
| 4:23 | Research | Loom |
| 4:27 | Research | Loom |
| 4:31 | Create | Villager (Male) |
| 4:31 | Create | Villager (Male) |
| 4:31 | Create | Villager (Male) |
| 4:40 | Create | Villager (Male) |
| 4:40 | Create | Villager (Male) |
| 4:40 | Create | Villager (Male) |
| 4:41 | Create | Villager (Male) |
| 4:56 | Build | House |
| 5:22 | Build | House |
| 5:43 | Build | House |
| 5:50 | Create | Villager (Male) |
| 5:50 | Create | Villager (Male) |
| 5:54 | Create | Villager (Male) |
| 6:09 | Create | Villager (Male) |
| 6:09 | Create | Villager (Male) |
| 6:33 | Create | Villager (Male) |
| 6:33 | Create | Villager (Male) |
| 6:33 | Create | Villager (Male) |
| 6:55 | Build | Lumber Camp |
| 7:13 | Build | House |
| 7:46 | Create | Villager (Male) |
| 7:52 | Create | Villager (Male) |
| 8:10 | Create | Villager (Male) |
| 8:33 | Create | Villager (Male) |
| 8:55 | Build | Mill |
| 9:07 | Create | Villager (Male) |
| 9:39 | Create | Villager (Male) |
| 9:44 | Build | House |
| 9:57 | Create | Villager (Male) |
| 10:51 | Create | Villager (Male) |
| 11:10 | Build | Mining Camp |
| 11:50 | Research | Feudal Age |
| 13:40 | Create | Villager (Male) |
| 13:45 | Create | Villager (Male) |
| 14:05 | Age | Feudal Age |
| 14:08 | Build | Market |
| 14:15 | Build | Blacksmith |
| 15:15 | Research | Castle Age |
| 15:29 | Research | Fletching |
| 15:45 | Build | Palisade Wall |
| 16:05 | Build | Mining Camp |
| 16:18 | Build | Palisade Wall |
| 17:30 | Build | House |
| 17:55 | Age | Castle Age |
| 18:19 | Create | Villager (Male) |
| 18:22 | Create | Villager (Male) |
| 18:51 | Create | Villager (Male) |
| 18:51 | Create | Villager (Male) |
| 19:04 | Build | Palisade Wall |
| 19:24 | Build | House |
| 20:38 | Create | Villager (Male) |
| 20:50 | Build | Castle |
| 22:38 | Build | Town Center |
| 22:47 | Build | Palisade Wall |
| 22:56 | Create | Villager (Male) |
| 22:56 | Create | Villager (Male) |
| 23:00 | Create | Villager (Male) |
| 23:34 | Create | Villager (Male) |
| 23:34 | Create | Villager (Male) |
| 23:34 | Create | Villager (Male) |
| 23:35 | Create | Villager (Male) |
| 24:09 | Create | Villager (Male) |
| 24:17 | Create | Villager (Male) |
| 24:18 | Create | Villager (Male) |
| 24:35 | Build | House |
| 24:49 | Create | Villager (Male) |
| 24:58 | Build | Town Center |
| 25:20 | Create | Villager (Male) |
| 25:33 | Build | Palisade Wall |
| 26:00 | Create | Villager (Male) |
| 26:05 | Create | Villager (Male) |
| 26:24 | Create | Villager (Male) |
| 26:24 | Create | Villager (Male) |
| 26:33 | Create | Mangudai |
| 26:37 | Create | Villager (Male) |
| 26:39 | Create | Villager (Male) |
| 26:53 | Create | Villager (Male) |
| 27:05 | Create | Mangudai |
| 27:15 | Research | Bodkin Arrow |
| 27:17 | Create | Villager (Male) |
| 27:19 | Create | Villager (Male) |
| 27:53 | Build | Lumber Camp |
Build order — adrianoo
123 actions detected in the replay
| 0:28 | Build | Town Center |
| 2:29 | Create | Villager (Male) |
| 2:29 | Create | Villager (Male) |
| 2:29 | Create | Villager (Male) |
| 3:31 | Create | Villager (Male) |
| 3:32 | Create | Villager (Male) |
| 3:51 | Create | Villager (Male) |
| 4:06 | Create | Villager (Male) |
| 4:43 | Build | Lumber Camp |
| 4:47 | Create | Villager (Male) |
| 4:48 | Create | Villager (Male) |
| 5:39 | Create | Villager (Male) |
| 5:39 | Create | Villager (Male) |
| 5:55 | Create | Villager (Male) |
| 5:55 | Create | Villager (Male) |
| 6:25 | Create | Villager (Male) |
| 6:26 | Create | Villager (Male) |
| 6:49 | Create | Villager (Male) |
| 7:17 | Create | Villager (Male) |
| 7:18 | Create | Villager (Male) |
| 7:42 | Build | Mill |
| 7:49 | Create | Villager (Male) |
| 8:29 | Create | Villager (Male) |
| 8:54 | Create | Villager (Male) |
| 9:27 | Create | Villager (Male) |
| 9:30 | Research | Loom |
| 10:20 | Research | Feudal Age |
| 10:56 | Build | Barracks |
| 12:19 | Create | Villager (Male) |
| 12:19 | Create | Villager (Male) |
| 12:34 | Age | Feudal Age |
| 12:41 | Build | Stable |
| 12:47 | Build | Stable |
| 12:50 | Research | Double-Bit Axe |
| 13:03 | Create | Villager (Male) |
| 13:23 | Build | Palisade Wall |
| 13:35 | Create | Villager (Male) |
| 13:46 | Create | Scout Cavalry |
| 13:46 | Create | Scout Cavalry |
| 13:47 | Create | Scout Cavalry |
| 13:47 | Create | Scout Cavalry |
| 13:47 | Create | Scout Cavalry |
| 14:00 | Create | Villager (Male) |
| 14:03 | Build | Farm |
| 14:07 | Build | Farm |
| 14:10 | Build | Farm |
| 14:17 | Create | Scout Cavalry |
| 14:17 | Create | Scout Cavalry |
| 14:22 | Build | Farm |
| 14:37 | Create | Scout Cavalry |
| 14:37 | Create | Scout Cavalry |
| 14:50 | Create | Scout Cavalry |
| 14:50 | Create | Scout Cavalry |
| 15:12 | Create | Villager (Male) |
| 15:12 | Create | Villager (Male) |
| 15:15 | Build | Farm |
| 15:38 | Create | Scout Cavalry |
| 15:38 | Create | Scout Cavalry |
| 15:43 | Build | Farm |
| 15:44 | Create | Villager (Male) |
| 16:02 | Create | Villager (Male) |
| 16:05 | Build | Farm |
| 16:18 | Create | Scout Cavalry |
| 16:18 | Create | Scout Cavalry |
| 16:24 | Build | Blacksmith |
| 16:34 | Create | Villager (Male) |
| 16:42 | Build | Farm |
| 16:43 | Research | Horse Collar |
| 16:54 | Create | Villager (Male) |
| 16:56 | Build | Farm |
| 17:13 | Build | Farm |
| 17:23 | Create | Villager (Male) |
| 17:44 | Create | Villager (Male) |
| 17:57 | Create | Villager (Male) |
| 17:57 | Research | Forging |
| 18:09 | Build | Farm |
| 18:12 | Build | Farm |
| 18:18 | Create | Scout Cavalry |
| 18:19 | Create | Scout Cavalry |
| 18:27 | Build | Farm |
| 18:36 | Create | Villager (Male) |
| 18:42 | Build | Farm |
| 18:47 | Create | Villager (Male) |
| 18:53 | Build | Market |
| 19:04 | Create | Villager (Male) |
| 19:11 | Build | Farm |
| 19:20 | Build | Farm |
| 19:51 | Create | Villager (Male) |
| 19:55 | Create | Villager (Male) |
| 20:21 | Build | Mining Camp |
| 20:31 | Build | Lumber Camp |
| 20:46 | Build | Palisade Wall |
| 21:03 | Create | Villager (Male) |
| 21:07 | Create | Villager (Male) |
| 21:07 | Research | Town Watch |
| 21:26 | Research | Scale Barding Armor |
| 21:31 | Research | Bloodlines |
| 21:40 | Create | Scout Cavalry |
| 21:40 | Create | Scout Cavalry |
| 21:40 | Create | Scout Cavalry |
| 21:40 | Create | Scout Cavalry |
| 21:40 | Create | Scout Cavalry |
| 21:41 | Create | Scout Cavalry |
| 22:24 | Create | Scout Cavalry |
| 22:24 | Create | Scout Cavalry |
| 22:56 | Create | Scout Cavalry |
| 22:56 | Create | Scout Cavalry |
| 22:58 | Create | Villager (Male) |
| 22:58 | Create | Villager (Male) |
| 22:58 | Create | Villager (Male) |
| 23:29 | Build | Mill |
| 23:31 | Create | Villager (Male) |
| 23:34 | Research | Wheelbarrow |
| 23:58 | Create | Villager (Male) |
| 24:07 | Build | Market |
| 25:55 | Research | Castle Age |
| 26:27 | Build | Archery Range |
| 26:30 | Build | Archery Range |
| 26:48 | Build | Farm |
| 26:49 | Build | Farm |
| 26:51 | Build | Farm |
| 26:53 | Research | Fletching |
| 27:34 | Build | Archery Range |
Build order — NPG | SICOSIS
First 150 of 161 actions detected
| 0:27 | Build | Town Center |
| 2:00 | Build | Palisade Wall |
| 2:48 | Create | Villager (Male) |
| 2:48 | Create | Villager (Male) |
| 2:49 | Create | Villager (Male) |
| 2:49 | Create | Villager (Male) |
| 2:49 | Create | Villager (Male) |
| 2:52 | Build | House |
| 2:54 | Build | House |
| 3:53 | Build | House |
| 4:23 | Create | Villager (Male) |
| 4:23 | Create | Villager (Male) |
| 4:49 | Create | Villager (Male) |
| 4:50 | Create | Villager (Male) |
| 4:50 | Create | Villager (Male) |
| 5:17 | Build | Lumber Camp |
| 5:20 | Create | Villager (Male) |
| 5:21 | Create | Villager (Male) |
| 5:49 | Create | Villager (Male) |
| 5:49 | Create | Villager (Male) |
| 5:55 | Build | House |
| 6:02 | Create | Villager (Male) |
| 6:02 | Create | Villager (Male) |
| 6:29 | Create | Villager (Male) |
| 6:30 | Create | Villager (Male) |
| 6:30 | Create | Villager (Male) |
| 6:30 | Create | Villager (Male) |
| 7:02 | Create | Villager (Male) |
| 7:03 | Create | Villager (Male) |
| 7:35 | Research | Loom |
| 7:35 | Research | Loom |
| 7:52 | Create | Villager (Male) |
| 7:52 | Create | Villager (Male) |
| 7:53 | Create | Villager (Male) |
| 8:23 | Create | Villager (Male) |
| 8:24 | Create | Villager (Male) |
| 8:24 | Create | Villager (Male) |
| 8:24 | Create | Villager (Male) |
| 8:44 | Build | House |
| 8:56 | Create | Villager (Male) |
| 8:56 | Create | Villager (Male) |
| 8:57 | Create | Villager (Male) |
| 9:05 | Build | House |
| 9:19 | Create | Villager (Male) |
| 9:19 | Create | Villager (Male) |
| 9:51 | Build | Mill |
| 10:55 | Build | Mining Camp |
| 11:06 | Research | Feudal Age |
| 12:14 | Build | Barracks |
| 12:29 | Build | Palisade Wall |
| 12:38 | Build | House |
| 12:42 | Create | Militia |
| 12:43 | Create | Militia |
| 12:44 | Create | Militia |
| 13:09 | Build | Palisade Wall |
| 13:16 | Age | Feudal Age |
| 13:16 | Build | Palisade Wall |
| 13:19 | Build | House |
| 13:20 | Build | Palisade Wall |
| 13:41 | Research | Man-at-Arms (upgrade) |
| 13:43 | Create | Villager (Male) |
| 13:43 | Create | Villager (Male) |
| 14:06 | Create | Villager (Male) |
| 14:11 | Build | Mining Camp |
| 14:31 | Create | Spearman |
| 15:25 | Create | Spearman |
| 15:25 | Create | Spearman |
| 15:51 | Build | Watch Tower |
| 16:16 | Build | Farm |
| 16:17 | Create | Villager (Male) |
| 16:17 | Create | Villager (Male) |
| 16:22 | Build | Farm |
| 16:42 | Build | Palisade Gate |
| 16:57 | Create | Villager (Male) |
| 16:57 | Create | Villager (Male) |
| 16:57 | Create | Villager (Male) |
| 17:13 | Create | Villager (Male) |
| 17:13 | Create | Villager (Male) |
| 17:25 | Build | Farm |
| 17:31 | Build | Farm |
| 17:53 | Build | Farm |
| 18:07 | Build | Farm |
| 18:11 | Create | Villager (Male) |
| 18:11 | Create | Villager (Male) |
| 18:13 | Create | Spearman |
| 18:14 | Create | Spearman |
| 18:26 | Build | House |
| 18:28 | Build | House |
| 18:32 | Create | Villager (Male) |
| 18:32 | Create | Villager (Male) |
| 19:07 | Build | Watch Tower |
| 19:11 | Create | Villager (Male) |
| 19:11 | Create | Villager (Male) |
| 19:12 | Create | Villager (Male) |
| 19:22 | Build | Market |
| 19:46 | Create | Villager (Male) |
| 19:46 | Create | Villager (Male) |
| 20:05 | Create | Villager (Male) |
| 20:06 | Create | Villager (Male) |
| 20:38 | Create | Militia |
| 20:38 | Create | Militia |
| 20:38 | Create | Militia |
| 20:51 | Build | Watch Tower |
| 21:03 | Build | House |
| 21:07 | Build | House |
| 21:09 | Build | Palisade Wall |
| 21:51 | Build | Farm |
| 21:54 | Build | Farm |
| 22:03 | Build | Palisade Wall |
| 22:05 | Build | Palisade Wall |
| 22:10 | Create | Villager (Male) |
| 22:10 | Create | Villager (Male) |
| 22:11 | Create | Villager (Male) |
| 22:30 | Build | Watch Tower |
| 22:53 | Build | House |
| 22:56 | Build | Palisade Wall |
| 23:03 | Create | Villager (Male) |
| 23:03 | Create | Villager (Male) |
| 23:04 | Create | Villager (Male) |
| 23:16 | Build | House |
| 23:19 | Build | House |
| 23:22 | Build | Palisade Wall |
| 23:24 | Build | Palisade Wall |
| 23:26 | Build | Palisade Wall |
| 23:37 | Build | Farm |
| 23:48 | Build | Watch Tower |
| 24:25 | Create | Spearman |
| 24:26 | Create | Spearman |
| 24:26 | Create | Spearman |
| 24:26 | Create | Spearman |
| 24:26 | Create | Spearman |
| 24:39 | Build | Mining Camp |
| 24:57 | Build | Farm |
| 25:04 | Build | House |
| 25:05 | Build | House |
| 25:24 | Create | Villager (Male) |
| 25:24 | Create | Villager (Male) |
| 25:29 | Build | Farm |
| 25:30 | Build | Farm |
| 25:59 | Build | Palisade Wall |
| 26:01 | Build | Palisade Wall |
| 26:02 | Build | Palisade Wall |
| 26:02 | Build | Palisade Wall |
| 26:02 | Build | Palisade Wall |
| 26:03 | Build | Palisade Wall |
| 26:03 | Build | Palisade Wall |
| 26:03 | Build | Palisade Wall |
| 26:04 | Create | Villager (Male) |
| 26:04 | Create | Villager (Male) |
| 26:05 | Create | Villager (Male) |
Build order — 安拉的使者
131 actions detected in the replay
| 0:21 | Build | Town Center |
| 2:57 | Build | House |
| 3:00 | Research | Loom |
| 3:01 | Create | Villager (Male) |
| 3:01 | Create | Villager (Male) |
| 3:01 | Create | Villager (Male) |
| 3:01 | Create | Villager (Male) |
| 3:02 | Create | Villager (Male) |
| 4:25 | Create | Villager (Male) |
| 4:26 | Create | Villager (Male) |
| 4:28 | Build | Lumber Camp |
| 4:32 | Create | Villager (Male) |
| 4:33 | Create | Villager (Male) |
| 4:56 | Create | Villager (Male) |
| 4:57 | Build | House |
| 5:20 | Create | Villager (Male) |
| 5:20 | Create | Villager (Male) |
| 5:42 | Create | Villager (Male) |
| 5:42 | Create | Villager (Male) |
| 5:42 | Create | Villager (Male) |
| 6:21 | Create | Villager (Male) |
| 6:21 | Create | Villager (Male) |
| 6:21 | Create | Villager (Male) |
| 6:21 | Create | Villager (Male) |
| 6:36 | Create | Villager (Male) |
| 6:37 | Create | Villager (Male) |
| 6:37 | Create | Villager (Male) |
| 6:40 | Build | House |
| 6:54 | Create | Villager (Male) |
| 6:55 | Create | Villager (Male) |
| 6:55 | Create | Villager (Male) |
| 7:04 | Create | Villager (Male) |
| 7:05 | Create | Villager (Male) |
| 7:05 | Create | Villager (Male) |
| 7:37 | Create | Villager (Male) |
| 7:37 | Create | Villager (Male) |
| 7:37 | Create | Villager (Male) |
| 7:37 | Create | Villager (Male) |
| 7:42 | Build | House |
| 8:28 | Build | Mill |
| 8:49 | Create | Villager (Male) |
| 8:49 | Create | Villager (Male) |
| 8:49 | Create | Villager (Male) |
| 10:08 | Research | Feudal Age |
| 10:39 | Create | Villager (Male) |
| 11:20 | Create | Villager (Male) |
| 11:21 | Create | Villager (Male) |
| 11:52 | Create | Villager (Male) |
| 12:20 | Build | Mining Camp |
| 12:41 | Age | Feudal Age |
| 12:52 | Build | Market |
| 12:59 | Research | Town Watch |
| 13:38 | Build | Blacksmith |
| 13:55 | Build | House |
| 13:59 | Create | Villager (Male) |
| 14:43 | Research | Castle Age |
| 14:50 | Research | Stone Mining |
| 14:58 | Research | Double-Bit Axe |
| 15:54 | Research | Gold Mining |
| 16:36 | Research | Wheelbarrow |
| 17:23 | Age | Castle Age |
| 17:29 | Build | Castle |
| 17:47 | Create | Villager (Male) |
| 17:53 | Build | Barracks |
| 18:26 | Research | Scale Mail Armor |
| 18:30 | Create | Huskarl |
| 18:30 | Create | Huskarl |
| 18:42 | Build | House |
| 18:52 | Build | Palisade Wall |
| 18:54 | Build | Palisade Wall |
| 18:58 | Build | Palisade Wall |
| 19:08 | Create | Villager (Male) |
| 19:09 | Research | Squires |
| 19:10 | Create | Spearman |
| 19:10 | Create | Spearman |
| 19:59 | Create | Villager (Male) |
| 20:12 | Build | Outpost |
| 20:13 | Create | Huskarl |
| 20:16 | Create | Villager (Male) |
| 20:20 | Create | Spearman |
| 20:47 | Create | Spearman |
| 20:50 | Research | Pikeman (upgrade) |
| 21:06 | Research | Horse Collar |
| 21:27 | Create | Huskarl |
| 21:27 | Create | Huskarl |
| 21:29 | Build | House |
| 22:00 | Create | Villager (Male) |
| 22:02 | Create | Huskarl |
| 22:15 | Build | Outpost |
| 22:19 | Create | Villager (Male) |
| 22:42 | Create | Villager (Male) |
| 22:49 | Create | Huskarl |
| 22:49 | Create | Huskarl |
| 22:50 | Create | Spearman |
| 22:50 | Create | Spearman |
| 23:16 | Build | Outpost |
| 23:25 | Create | Huskarl |
| 23:26 | Create | Huskarl |
| 23:49 | Build | Town Center |
| 23:55 | Build | Outpost |
| 24:04 | Create | Huskarl |
| 24:04 | Create | Huskarl |
| 24:11 | Build | Siege Workshop |
| 24:18 | Create | Huskarl |
| 24:19 | Create | Villager (Male) |
| 24:19 | Create | Villager (Male) |
| 24:19 | Create | Villager (Male) |
| 24:19 | Create | Villager (Male) |
| 24:53 | Create | Villager (Male) |
| 24:53 | Create | Villager (Male) |
| 25:00 | Build | Mill |
| 25:05 | Create | Battering Ram |
| 25:11 | Build | Outpost |
| 25:22 | Create | Villager (Male) |
| 25:29 | Build | House |
| 25:30 | Create | Battering Ram |
| 25:44 | Create | Villager (Male) |
| 25:45 | Create | Villager (Male) |
| 25:47 | Build | House |
| 25:49 | Create | Spearman |
| 25:49 | Create | Spearman |
| 25:49 | Create | Spearman |
| 25:58 | Build | Farm |
| 26:00 | Create | Villager (Male) |
| 26:15 | Build | Mill |
| 26:31 | Build | House |
| 26:56 | Create | Battering Ram |
| 26:56 | Create | Battering Ram |
| 27:40 | Build | House |
| 27:47 | Create | Huskarl |
| 27:48 | Create | Huskarl |
Match timeline
| 1:44 | AiM | PoRRo · wall_segment Palisade Wall x1 |
| 2:00 | NPG | SICOSIS · wall_segment Palisade Wall x1 |
| 4:34 | Snorkiss89 · wall_segment Palisade Wall x1 |
| 4:37 | Snorkiss89 · wall_segment Palisade Wall x1 |
| 4:42 | Snorkiss89 · wall_segment Palisade Wall x1 |
| 4:46 | Snorkiss89 · wall_segment Palisade Wall x1 |
| 4:51 | Snorkiss89 · wall_segment Palisade Wall x1 |
| 4:56 | Snorkiss89 · wall_segment Palisade Wall x1 |
| 7:53 | Snorkiss89 · wall_segment Palisade Wall x1 |
| 7:53 | Snorkiss89 · wall_segment Palisade Wall x1 |
| 7:59 | Snorkiss89 · wall_segment Palisade Wall x1 |
| 8:03 | Snorkiss89 · wall_segment Palisade Wall x1 |
| 8:04 | Snorkiss89 · wall_segment Palisade Wall x1 |
| 8:24 | Snorkiss89 · wall_segment Palisade Wall x1 |
| 10:25 | Snorkiss89 · first_building Barracks |
| 10:56 | adrianoo · first_building Barracks |
| 11:11 | BP | Pkita · wall_segment Palisade Wall x1 |
| 11:19 | SinManos · wall_segment Palisade Wall x1 |
| 11:20 | SinManos · wall_segment Palisade Wall x1 |
| 11:22 | SinManos · wall_segment Palisade Wall x1 |
| 11:22 | SinManos · wall_segment Palisade Wall x1 |
| 11:23 | SinManos · wall_segment Palisade Wall x1 |
| 11:25 | SinManos · wall_segment Palisade Wall x1 |
| 11:26 | SinManos · wall_segment Palisade Wall x2 |
| 11:31 | SinManos · wall_segment Palisade Wall x1 |
| 11:33 | SinManos · wall_segment Palisade Wall x1 |
| 11:34 | SinManos · wall_segment Palisade Wall x1 |
| 11:36 | SinManos · wall_segment Palisade Wall x1 |
| 11:36 | SinManos · wall_segment Palisade Wall x1 |
| 11:37 | SinManos · wall_segment Palisade Wall x1 |
| 12:14 | NPG | SICOSIS · first_building Barracks |
| 12:16 | MDT · first_building Barracks |
| 12:29 | NPG | SICOSIS · wall_segment Palisade Wall x3 |
| 12:34 | adrianoo · age_up feudal |
| 12:41 | 安拉的使者 · age_up feudal |
| 12:41 | adrianoo · first_building Stable |
| 13:07 | SinManos · wall_segment Palisade Wall x1 |
| 13:09 | BP | Pkita · first_building Barracks |
| 13:09 | NPG | SICOSIS · wall_segment Palisade Wall x1 |
| 13:16 | NPG | SICOSIS · age_up feudal |
| 13:16 | NPG | SICOSIS · wall_segment Palisade Wall x7 |
| 13:17 | BP | Pkita · wall_segment Palisade Wall x6 |
| 13:18 | Snorkiss89 · wall_segment Palisade Wall x1 |
| 13:20 | SinManos · age_up feudal |
| 13:20 | NPG | SICOSIS · wall_segment Palisade Wall x1 |
| 13:23 | adrianoo · wall_segment Palisade Wall x14 |
| 13:53 | MDT · age_up feudal |
| 13:56 | MDT · first_building Stable |
| 14:05 | AiM | PoRRo · age_up feudal |
| 14:16 | BP | Pkita · age_up feudal |
| 14:20 | SinManos · first_market_sell 100 wood |
| 14:30 | Snorkiss89 · age_up feudal |
| 14:32 | Snorkiss89 · first_building Archery Range |
| 14:44 | BP | Pkita · wall_segment Palisade Wall x2 |
| 14:45 | Snorkiss89 · wall_segment Palisade Wall x1 |
| 15:45 | AiM | PoRRo · wall_segment Palisade Wall x1 |
| 15:59 | Snorkiss89 · first_building Stable |
| 16:18 | AiM | PoRRo · wall_segment Palisade Wall x1 |
| 16:48 | BP | Pkita · first_building Stable |
| 17:03 | SinManos · age_up castle |
| 17:08 | SinManos · first_building Castle |
| 17:23 | 安拉的使者 · age_up castle |
| 17:29 | 安拉的使者 · first_building Castle |
| 17:53 | 安拉的使者 · first_building Barracks |
| 17:55 | AiM | PoRRo · age_up castle |
| 18:15 | Snorkiss89 · age_up castle |
| 18:26 | BP | Pkita · wall_segment Stone Wall x4 |
| 18:52 | 安拉的使者 · wall_segment Palisade Wall x1 |
| 18:54 | 安拉的使者 · wall_segment Palisade Wall x1 |
| 18:58 | 安拉的使者 · wall_segment Palisade Wall x1 |
| 19:01 | BP | Pkita · age_up castle |
| 19:04 | AiM | PoRRo · wall_segment Palisade Wall x1 |
| 20:33 | NPG | SICOSIS · first_market_buy 100 food |
| 20:46 | adrianoo · wall_segment Palisade Wall x11 |
| 20:50 | AiM | PoRRo · first_building Castle |
| 21:02 | BP | Pkita · first_market_buy 100 stone |
| 21:09 | NPG | SICOSIS · wall_segment Palisade Wall x1 |
| 21:42 | BP | Pkita · first_building Castle |
| 21:51 | MDT · first_market_buy 100 stone |
| 21:59 | MDT · wall_segment Stone Wall x17 |
| 22:02 | SinManos · first_market_buy 100 wood |
| 22:03 | NPG | SICOSIS · wall_segment Palisade Wall x1 |
| 22:05 | MDT · wall_segment Stone Wall x3 |
| 22:05 | NPG | SICOSIS · wall_segment Palisade Wall x1 |
| 22:06 | Snorkiss89 · first_building Monastery |
| 22:12 | BP | Pkita · wall_segment Stone Wall x6 |
| 22:24 | MDT · wall_segment Stone Wall x12 |
| 22:47 | AiM | PoRRo · wall_segment Palisade Wall x10 |
| 22:47 | 安拉的使者 · first_market_buy 100 food |
| 22:56 | NPG | SICOSIS · wall_segment Palisade Wall x1 |
| 23:22 | NPG | SICOSIS · wall_segment Palisade Wall x1 |
| 23:24 | NPG | SICOSIS · wall_segment Palisade Wall x1 |
| 23:26 | NPG | SICOSIS · wall_segment Palisade Wall x1 |
| 23:52 | BP | Pkita · wall_segment Palisade Wall x1 |
| 24:11 | 安拉的使者 · first_building Siege Workshop |
| 24:28 | BP | Pkita · wall_segment Stone Wall x4 |
| 24:48 | BP | Pkita · wall_segment Stone Wall x3 |
| 25:11 | BP | Pkita · wall_segment Stone Wall x1 |
| 25:17 | adrianoo · first_market_buy 100 food |
| 25:23 | BP | Pkita · wall_segment Stone Wall x3 |
| 25:25 | MDT · wall_segment Stone Wall x1 |
| 25:33 | adrianoo · first_market_sell 100 stone |
| 25:33 | AiM | PoRRo · wall_segment Palisade Wall x1 |
| 25:56 | SinManos · first_building Barracks |
| 25:59 | NPG | SICOSIS · wall_segment Palisade Wall x1 |
| 26:01 | NPG | SICOSIS · wall_segment Palisade Wall x2 |
| 26:02 | NPG | SICOSIS · wall_segment Palisade Wall x1 |
| 26:02 | NPG | SICOSIS · wall_segment Palisade Wall x2 |
| 26:02 | NPG | SICOSIS · wall_segment Palisade Wall x1 |
| 26:03 | NPG | SICOSIS · wall_segment Palisade Wall x2 |
| 26:03 | NPG | SICOSIS · wall_segment Palisade Wall x1 |
| 26:03 | NPG | SICOSIS · wall_segment Palisade Wall x1 |
| 26:27 | adrianoo · first_building Archery Range |
| 26:28 | 安拉的使者 · first_market_sell 100 stone |
| 26:47 | MDT · wall_segment Stone Wall x9 |
| 27:05 | NPG | SICOSIS · wall_segment Palisade Wall x1 |
| 27:10 | MDT · wall_segment Stone Wall x3 |
| 27:54 | 安拉的使者 · resign |
| 27:59 | NPG | SICOSIS · wall_segment Palisade Wall x1 |
[ AI ANALYSIS · 1 CREDIT ]
What really happened in this match?
Wolo.gg analyzes every decision: build order, eco, micro, common mistakes by bracket. Personalized analysis on WhatsApp or Discord in 30 seconds.
Civ guide
Spanish
Perfil
Jugador #19360257